 Dungeon Crawl Stone Soup version 0.15.0-18-g9076a4f (webtiles) character file.

203 EvilAshe the Chiller (level 5, 0/24 HPs)
             Began as a Vine Stalker Ice Elementalist on Sept 7, 2014.
             Slain by an orc wizard
             ... wielding a +0 dagger
              (2 damage)
             ... on Level 4 of the Dungeon.
             The game lasted 00:14:16 (3940 turns).

EvilAshe the Chiller (VSIE)                         Turns: 3940, Time: 00:14:16

HP   0/24        AC  2     Str 10      XL: 5   Next: 81%
MP   0/11        EV 12     Int 16      God:
Gold 193         SH  0     Dex 15      Spells:  3 memorised,  1 level left

rFire  . . .     SeeInvis .     e - +1 hand axe (flame)
rCold  . . .     Clarity  .     a - +0 robe
rNeg   . . .     rCorr    .     (no shield)
rPois  .         rRot     +     (no helmet)
rElec  .         Spirit   +     (no cloak)
SustAb .         Warding  .     (no gloves)
rMut   .         Stasis   .     (no boots)
Gourm  .                        (no amulet)
MR     .....                    (no ring)
                                (no ring)

@: very slightly contaminated, not resistant to hostile enchantments, unstealthy
A: fangs 2, regeneration 1, magic shield, antimagic bite, no device heal 3, rot
immunity
a: no special abilities


You were on level 4 of the Dungeon.
You were hungry.

You visited 1 branch of the dungeon, and saw 4 of its levels.

You collected 193 gold pieces.

Inventory:

Hand weapons
 e - a +1 hand axe of flaming (weapon)
Armour
 a - a +0 robe (worn)
Magical devices
 s - a wand of digging (7)
Comestibles
 c - 7 bread rations
 f - 6 fruits
 m - a beef jerky
 u - 4 chunks of gnoll flesh
 z - a chunk of rat flesh
Scrolls
 g - a scroll of random uselessness {unknown}
 j - a scroll of identify
 l - a scroll of enchant weapon
 n - a scroll of fog {unknown}
 o - a scroll of magic mapping {unknown}
 p - 2 scrolls of amnesia {unknown}
 v - a scroll of fear {unknown}
 x - a scroll of teleportation {unknown}
 y - a scroll of noise {unknown}
 A - a scroll of blinking {unknown}
Potions
 d - a potion of agility
 h - a potion of restore abilities {unknown}
 i - 3 potions of curing
 k - a potion of beneficial mutation {unknown}
 q - a potion of might
 r - a potion of lignification {unknown}
 t - a potion of experience {unknown}
 w - a potion of magic {unknown}
Books
 b - a book of Frost

   Spells                             Type                      Level
   *Freeze                            Ice                          1
   *Throw Frost                       Conjuration/Ice              2
   Ozocubu's Armour                   Charms/Ice                   3
   *Throw Icicle                      Conjuration/Ice              4
   Summon Ice Beast                   Ice/Summoning                4
   Condensation Shield                Ice                          4


   Skills:
 - Level 1.5 Dodging
 - Level 2.4 Stealth
 - Level 2.1 Spellcasting
 + Level 3.8 Conjurations
 + Level 4.9 Ice Magic


You had one spell level left.
You knew the following spells:

 Your Spells              Type           Power        Failure   Level  Hunger
a - Freeze                Ice            ###.         2%          1    #......
f - Throw Frost           Conj/Ice       ###...       8%          2    ##.....
i - Throw Icicle          Conj/Ice       ###.....     38%         4    #####..


Dungeon Overview and Level Annotations

Branches:
Dungeon (4/15)
 Temple: D:4-7

Altars:
Cheibriados
Vehumet

Annotations:
D:3 exclusion: black bear
D:4 exclusion: ogre, letownia's ghost, average FoSk


Innate Abilities, Weirdness & Mutations

You have extremely sharp teeth.
Your natural rate of healing is unusually fast.
When hurt, damage is shared between your health and your magic reserves.
Your bite disrupts and absorbs the magic of your enemies.
Potions and wands cannot restore your health.
You are immune to rotting.


Message History

You closely miss the orc. Your bite misses the orc.
The orc wizard casts a spell.
The orc wizard blinks!
The orc hits you.
* * * LOW HITPOINT WARNING * * *
The orc wizard points at you and mumbles some strange words.
The magic dart hits you!
* * * LOW HITPOINT WARNING * * *
Casting: Freeze
Confirm with . or Enter, or press ? or * to list all spells.
You don't have enough magic to cast that spell.
Unknown command.
Drink which item? (? for menu, Esc to quit)
Okay, then.
Casting: Freeze
Confirm with . or Enter, or press ? or * to list all spells.
You don't have enough magic to cast that spell.
Drink which item? (? for menu, Esc to quit)
You feel better.
It was a potion of curing.
The orc wizard hits you with a dagger.
You die...

... #.##.# ##.## #.#
#.##.# #...# ...
#...o## #...#
###...##########...#
##...............#
###......####...#
###....# #...#
###########%...#
#...#
#.....o@o......#
#...#
#.#########<...#
##.## #....# ###
#....# ######


You could see an orc wizard and an orc.

Vanquished Creatures
  An orc priest (D:3)
  Jessica (D:2)
  2 gnolls (D:3)
  2 adders (D:3)
  3 worms (D:2)
  5 giant geckos
  An ooze (D:3)
  6 orcs
  12 bats
  3 giant cockroaches (D:1)
  8 hobgoblins
  5 jackals (D:3)
  2 quokkas
  3 ball pythons
  5 giant newts
  5 goblins
  15 kobolds
  9 rats
88 creatures vanquished.

Notes
Turn   | Place    | Note
--------------------------------------------------------------
     0 | D:1      | EvilAshe, the Vine Stalker Ice Elementalist, began the quest for the Orb.
     0 | D:1      | Reached XP level 1. HP: 9/9 MP: 3/3
   232 | D:1      | Reached XP level 2. HP: 10/13 MP: 0/5
   236 | D:1      | Learned a level 2 spell: Throw Frost
   582 | D:1      | Reached XP level 3. HP: 13/16 MP: 2/7
  1485 | D:2      | Reached skill level 4 in Ice Magic
  1852 | D:2      | Reached XP level 4. HP: 21/21 MP: 4/8
  2099 | D:2      | Noticed Jessica
  2106 | D:2      | Killed Jessica
  2198 | D:2      | Learned a level 4 spell: Throw Icicle
  2673 | D:3      | Reached XP level 5. HP: 24/24 MP: 9/11
  2813 | D:3      | Noticed a black bear
  3112 | D:4      | Noticed letownia's ghost (average FoSk)
  3159 | D:4      | Found a radiant altar of Vehumet.
  3250 | D:4      | Found a snail-covered altar of Cheibriados.
  3367 | D:4      | HP: 1/24 [letownia's ghost (4)]
  3859 | D:4      | Noticed an ogre
  3939 | D:4      | HP: 1/24 [orc wizard/magic dart (6)]
  3940 | D:4      | Slain by an orc wizard

Action                   |  1- 3 |  4- 6 || total
-------------------------+-------+-------++-------
Melee: Hand axe          |    57 |    44 ||   101
 Cast: Freeze            |    37 |    72 ||   109
       Throw Frost       |     2 |     5 ||     7
Evoke: Wand              |       |     1 ||     1
  Use: Scroll            |       |     2 ||     2
       Potion            |       |     1 ||     1
 Stab: Sleeping          |     3 |     2 ||     5
  Eat: Chunk             |     4 |     7 ||    11
